 Dungeon Crawl Stone Soup version 0.20.1-1-g8b1a95d (console) character file.

122 hilaritas the Ducker (level 4, -6/35 HPs)
             Began as a Demonspawn Artificer on Feb 11, 2018.
             Killed by nerve-wracking pain
             ... invoked by a shadow imp
             ... summoned by Natasha
              (9 damage)
             ... on level 2 of the Dungeon.
             The game lasted 00:04:37 (1778 turns).

hilaritas the Ducker (Demonspawn Artificer)         Turns: 1778, Time: 00:04:37

Health: -6/35      AC:  5    Str: 13    XL:     4   Next: 78%
Magic:  6/6        EV: 11    Int: 12    God:
Gold:   55         SH:  3    Dex: 14    Spells: 3/3 levels left

rFire    + . .     SeeInvis .   a - +0 short sword
rCold    . . .     Gourm    .   m - +0 buckler
rNeg     . . .     Faith    .   i - +0 ring mail
rPois    .         Spirit   .   (no helmet)
rElec    .         Reflect  .   (no cloak)
rCorr    .         Harm     .   (no gloves)
MR       .....                  (no boots)
Stlth    +.........             (no amulet)
Regen    0.2/turn               (no ring)
MPRegen  0.1/turn               (no ring)

@: slowed, very slow
A: hooves 2, fire resistance 1
a: no special abilities


You were on level 2 of the Dungeon.
You were not hungry.

You visited 1 branch of the dungeon, and saw 2 of its levels.

You collected 55 gold pieces.

Inventory:

Hand Weapons
 a - a +0 short sword (weapon)
Armour
 i - a +0 ring mail (worn)
 m - a +0 buckler (worn)
Wands
 c - a wand of flame (15/48)
 d - a wand of enslavement (15/24)
 e - a wand of random effects (15/48)
Scrolls
 g - a scroll of enchant armour {unknown}
 h - a scroll of remove curse {unknown}
 j - 3 scrolls of identify {unknown}
 l - a scroll of teleportation {unknown}
Books
 k - a book of Geomancy

   Spells                             Type                      Level
   a - Sandblast                      Earth                        1
   b - Passwall                       Transmutation/Earth          2
   c - Stone Arrow                    Conjuration/Earth            3
   d - Petrify                        Transmutation/Earth          4
   e - Lee's Rapid Deconstruction     Earth                        5
Comestibles
 b - 2 royal jellies
 f - a bread ration


   Skills:
 * Level 3.3 Fighting
 - Level 0.8 Short Blades
 + Level 3.4 Dodging
 - Level 0.8 Stealth
 - Level 3.0 Evocations


You had 3 spell levels left.
You didn't know any spells.

Dungeon Overview and Level Annotations

Branches:
Dungeon (2/15)

Altars:
Dithmenos

Annotations:
D:2 Natasha


Innate Abilities, Weirdness & Mutations

You have hoof-like feet.
Your flesh is heat resistant. (rF+)


Message History

Natasha claws you but does no damage.
You hit Natasha but do no damage. You kick Natasha.
Natasha is severely wounded.
The shadow imp closely misses you.
Natasha mumbles some strange words.
You feel disoriented. Natasha closely misses you.
The shadow imp closely misses you. Natasha claws you.
You hit Natasha but do no damage. You kick Natasha.
Natasha is almost dead.
The shadow imp hits you.
* * * LOW HITPOINT WARNING * * *
Natasha misses you. The shadow imp closely misses you. Natasha claws you.
* * * LOW HITPOINT WARNING * * *
Unknown command.
You hit Natasha but do no damage.
Natasha is severely wounded.
The shadow imp gestures at you. Pain shoots through your body!
You die...

#### ...# ...# ...# ...#
.###
#######################..
..........(....5@hgSl.'..
...........#########.##..
#.########.## #.# #..#
#.# ##.# #.# #.# #.#
#.########. #.#
#.......... #.#
#..#######. #.# #####.##
#.######......######.#


You could see Natasha, a shadow imp, a hobgoblin, a ball python and a frilled
lizard.

Vanquished Creatures
  Natasha (twice) (D:2)
  2 adders (D:2)
  4 dart slugs
  A leopard gecko (D:2)
  An orc (D:2)
  9 bats
  3 giant cockroaches
  7 goblins
  3 hobgoblins
  A quokka (D:2)
  3 frilled lizards
  6 kobolds
  5 rats (D:1)
47 creatures vanquished.

Notes
Turn   | Place    | Note
-------+----------+-------------------------------------------
     0 | D:1      | hilaritas the Demonspawn Artificer began the quest for the Orb.
     0 | D:1      | Reached XP level 1. HP: 15/15 MP: 3/3
   158 | D:1      | Gained mutation: You have large cloven feet. [demonic ancestry]
   158 | D:1      | Reached XP level 2. HP: 19/22 MP: 4/4
   733 | D:1      | Gained mutation: Your flesh is heat resistant. (rF+) [demonic ancestry]
   733 | D:1      | Reached XP level 3. HP: 25/27 MP: 5/5
  1095 | D:2      | Noticed Natasha
  1107 | D:2      | Killed Natasha
  1107 | D:2      | Gained mutation: You have hoof-like feet. [demonic ancestry]
  1107 | D:2      | Reached XP level 4. HP: 17/34 MP: 6/6
  1422 | D:2      | Found a shadowy altar of Dithmenos.
  1456 | D:2      | Noticed Natasha
  1470 | D:2      | Killed Natasha
  1754 | D:2      | Noticed Natasha
  1777 | D:2      | HP: 3/35 [Natasha (4)]
  1778 | D:2      | Killed from afar by a shadow imp

Skill      XL: |  1  2  3  4 |
---------------+-------------+-----
Dodging        | 2 3 |  3.4
Fighting       | 2 3 |  3.3
Short Blades   | |  0.8
Stealth        | |  0.8
Evocations     | |  3.0

Action                   |  1- 3 |  4- 6 || total
-------------------------+-------+-------++-------
Melee: Short sword       |   129 |    59 ||   188
       Kick              |    20 |     9 ||    29
  Eat: Chunk             |       |     3 ||     3
Armor: Leather armour    |    36 |       ||    36
       Ring mail         |    12 |    23 ||    35
Dodge: Dodged            |    80 |    37 ||   117
Block: Buckler           |       |     2 ||     2
